 Dungeon Crawl Stone Soup version 0.31-a0-188-g5e087ee2ca (webtiles) character file.

Game seed: 13655652280991885952

1311 qw the Skirmisher (level 8, -1/46 HPs)
             Began as a Deep Elf Hunter on June 23, 2023.
             Slain by an ice beast (7 damage)
             ... on level 5 of the Dungeon.
             The game lasted 00:01:53 (3713 turns).

qw the Skirmisher (Deep Elf Hunter)                 Turns: 3713, Time: 00:01:54

Health: -1/46      AC:  5    Str: 15    XL:     8   Next: 32%
Magic:  10/10      EV: 14    Int: 15    God:
Gold:   345        SH:  0    Dex: 18    Spells: 7/7 levels left

rFire   + . .        Y - +0 shortbow
rCold   . . .        (shield currently unavailable)
rNeg    + . .        i - +1 leather armour {rF+}
rPois   .            (no helmet)
rElec   .            (no cloak)
rCorr   .            g - +0 pair of gloves "Owehedgh" {Str+3}
SInv    .            (no boots)
Will    .....        c - amulet "Rozomn" {rN+ Regen+ Str+2}
Stlth   ++           (no ring)
HPRegen 1.07/turn    (no ring)
MPRegen 0.12/turn

%: no passive effects
@: lethally poisoned (-1 -> -3)
A: no striking features
a: no special abilities


You were on level 5 of the Dungeon.
You visited 1 branch of the dungeon, and saw 5 of its levels.

You collected 345 gold pieces.


   Skills:
 - Level 3.3 Fighting
 + Level 12.2 Ranged Weapons
 - Level 5.4 Dodging
 - Level 1.2 Stealth


You had 7 spell levels left.
You didn't know any spells.
Your spell library was empty.

Inventory:

Hand Weapons
 Y - a +0 shortbow (weapon)
Armour
 e - a +0 ring mail
 g - the +0 pair of gloves "Owehedgh" (worn) {Str+3}
   (You acquired it on level 3 of the Dungeon)

   Str:       It affects your strength (+3).
 i - a +1 leather armour of fire resistance (worn)
Jewellery
 c - the amulet "Rozomn" (around neck) {rN+ Regen+ Str+2}
   (You acquired it on level 3 of the Dungeon)

   [amulet of regeneration]

   Str:       It affects your strength (+2).
   rN:        It protects you from negative energy.
   Regen:     It increases your rate of health regeneration.
Scrolls
 b - a scroll of identify
 f - a scroll of poison {unknown}
 j - a scroll of noise {unknown}
Potions
 a - 3 potions of mutation
 d - a potion of curing {unknown}
 k - a potion of attraction {unknown}

Dungeon Overview and Level Annotations

Branches:
Dungeon (5/15)
 Temple: D:4-7

Altars:
Ru
Zin

Annotations:
D:3 3 runed translucent doors, exclusion: dart slug, qw's ghost, amateur DEHu


Message History

The ice beast is moderately wounded.
The water moccasin misses you.
You shoot an arrow. The arrow hits the water moccasin!
The water moccasin is heavily wounded.
The water moccasin closely misses you.
You shoot an arrow.
The arrow closely misses the water moccasin.
The water moccasin closely misses you. x2
You shoot an arrow.
The arrow closely misses the water moccasin.
The water moccasin bites you.
You are poisoned.
The water moccasin poisons you!
You shoot an arrow. The arrow hits the water moccasin.
The water moccasin is severely wounded.
You feel sick. The ice beast barely misses you.
The water moccasin barely misses you.
You shoot an arrow.
The arrow barely misses the water moccasin.
You feel sick. The water moccasin barely misses you.
The ice beast barely misses you.
You shoot an arrow. The arrow hits the water moccasin.
The water moccasin is severely wounded.
You feel sick. The water moccasin bites you.
You are more poisoned.
The water moccasin poisons you! The ice beast hits you.
The ice beast freezes you!
You shoot an arrow.
The arrow hits the water moccasin but does no damage.
The water moccasin is severely wounded.
You feel very sick. The water moccasin barely misses you.
The ice beast misses you.
You shoot an arrow. The arrow hits the water moccasin.
The water moccasin is almost dead.
You feel sick. The water moccasin barely misses you.
The water moccasin bites you.
You shoot an arrow. The arrow hits the water moccasin.
The water moccasin is almost dead.
You feel sick. The ice beast hits you. The ice beast freezes you!
You die...

...#.....#. ..
...#......#..
#........#. #.........
..#....... ....(....#
#.. ........SY.# ### #..
#..# #@.# ##.# ##.# #..#
#..# ##.## ##..# #..#
##..####.## ....# #..#
#........# ....#
##..#####.......##
#...###...............#
#....................##
##..#####..##..........#
#..## #...#..#####...##


You could see a water moccasin and an ice beast.

Vanquished Creatures
  Grinder (D:4)
  2 ice beasts
  An ogre (D:5)
  A centaur (D:5)
  2 phantoms (D:4)
  A scorpion (D:4)
  A howler monkey (D:5)
  2 jellies
  3 hounds
  2 iguanas (D:4)
  5 orc wizards (D:5)
  2 sleepcaps
  6 adders
  2 worms
  3 dart slugs
  17 orcs
  6 endoplasms
  7 giant cockroaches
  5 goblins
  4 hobgoblins
  2 jackals (D:5)
  3 kobolds
  4 quokkas
  6 ball pythons
  4 bats
  7 rats
99 creatures vanquished.

Notes
Turn   | Place    | Note
-------+----------+-------------------------------------------
     0 | D:1      | qw the Deep Elf Hunter began the quest for the Orb.
     0 | D:1      | Reached XP level 1. HP: 12/12 MP: 3/3
     0 | D:1      | 0 ||| qw: Version: 0.3-a-9-g12657ce
     0 | D:1      | 0 ||| qw: Game counter: 3183
     0 | D:1      | 0 ||| qw: Always use a shield: true
     0 | D:1      | 0 ||| qw: God list: Okawaru
     0 | D:1      | 0 ||| qw: Allow faded altars: false
     0 | D:1      | 0 ||| qw: Do Orc after D:15 true
     0 | D:1      | 0 ||| qw: Do second Lair branch before Depths: true
     0 | D:1      | 0 ||| qw: Lair rune preference: random
     0 | D:1      | 0 ||| qw: Plans: Normal
     0 | D:1      | 0 ||| PLANNING D:1-11
   168 | D:1      | Reached skill level 6 in Ranged Weapons
   168 | D:1      | Reached XP level 2. HP: 16/16 MP: 4/4
   600 | D:1      | 600 ||| READING scroll labelled XARGHE TUALLEST.
   601 | D:1      | 601 ||| READING scroll labelled OLUTOSTRAETS.
   605 | D:1      | 605 ||| DRINKING 2 fuming purple potions.
   613 | D:1      | 613 ||| DROPPING scroll of butterflies.
   614 | D:1      | 614 ||| DROPPING potion of ambrosia.
   648 | D:2      | Reached XP level 3. HP: 20/20 MP: 5/5
   798 | D:2      | Reached skill level 7 in Ranged Weapons
  1004 | D:2      | 1004 ||| READING 2 scrolls labelled UTITIEGYGH.
  1005 | D:2      | 1005 ||| READING scroll labelled PYSHIJ CAZAOWE.
  1006 | D:2      | 1006 ||| READING scroll labelled IZXEBEONICW.
  1007 | D:2      | 1007 ||| READING scroll labelled RONAOF ZIMAOX.
  1027 | D:3      | Found a sacrificial altar of Ru.
  1434 | D:3      | 1434 ||| UPGRADING to +0 ring mail.
  1445 | D:3      | Reached XP level 4. HP: 15/25 MP: 6/6
  1500 | D:3      | 1500 ||| UPGRADING to +0 leather armour.
  1505 | D:3      | 1505 ||| UPGRADING to +0 ring mail.
  1515 | D:3      | 1515 ||| DROPPING +0 leather armour.
  1592 | D:3      | Found a runed translucent gate.
  1592 | D:3      | Found a runed translucent gate.
  1594 | D:3      | Found a runed translucent gate.
  1596 | D:3      | Noticed qw's ghost (amateur DEHu)
  1776 | D:3      | 1776 ||| READING 2 scrolls labelled IRPHOC VIACAETO.
  1776 | D:3      | Identified 2 scrolls of acquirement
  1776 | D:3      | 1776 ||| ACQUIRING amulet "Rozomn" {rN+ Regen+ Str+2}
  1776 | D:3      | Acquired the amulet "Rozomn" {rN+ Regen+ Str+2}
  1778 | D:3      | 1778 ||| UPGRADING to amulet "Rozomn" {rN+ Regen+ Str+2}.
  1783 | D:3      | 1783 ||| READING scroll of acquirement.
  1783 | D:3      | 1783 ||| ACQUIRING +0 pair of gloves "Owehedgh" {Str+3}
  1783 | D:3      | Acquired the +0 pair of gloves "Owehedgh" {Str+3}
  1785 | D:3      | 1785 ||| UPGRADING to +0 pair of gloves "Owehedgh" {Str+3}.
  1790 | D:3      | 1790 ||| READING 2 scrolls of identify.
  1790 | D:3      | 1790 ||| IDENTIFYING lumpy golden potion
  1842 | D:4      | 1842 ||| STAIRDANCE
  1902 | D:4      | Noticed a phantom
  1928 | D:4      | Killed a phantom
  1929 | D:4      | Reached skill level 8 in Ranged Weapons
  1929 | D:4      | Reached XP level 5. HP: 20/29 MP: 7/7
  2057 | D:4      | HP: 5/29 [iguana (6)]
  2058 | D:4      | 2058 ||| READING scroll of teleportation.
  2060 | D:4      | Reached skill level 9 in Ranged Weapons
  2151 | D:4      | 2151 ||| UPGRADING to +1 leather armour of fire resistance.
  2199 | D:4      | Reached skill level 3 in Dodging
  2244 | D:4      | Reached XP level 6. HP: 29/35 MP: 8/8
  2259 | D:4      | Noticed an ice beast
  2276 | D:4      | Killed an ice beast
  2406 | D:4      | Noticed Grinder
  2419 | D:4      | Killed Grinder
  2420 | D:4      | Reached skill level 10 in Ranged Weapons
  2420 | D:4      | Reached XP level 7. HP: 40/40 MP: 9/9
  2461 | D:4      | Found a glowing silver altar of Zin.
  2480 | D:4      | Reached skill level 11 in Ranged Weapons
  2727 | D:4      | 2727 ||| DRINKING 2 coppery potions.
  2745 | D:5      | Entered Level 5 of the Dungeon
  2928 | D:5      | Reached skill level 12 in Ranged Weapons
  2993 | D:5      | 2993 ||| FLEEEEING.
  2994 | D:5      | 2994 ||| FLEEEEING.
  2995 | D:5      | 2995 ||| FLEEEEING.
  2996 | D:5      | 2996 ||| FLEEEEING.
  2997 | D:5      | 2997 ||| FLEEEEING.
  3008 | D:5      | 3008 ||| FLEEEEING.
  3009 | D:5      | 3009 ||| FLEEEEING.
  3010 | D:5      | 3010 ||| FLEEEEING.
  3013 | D:5      | 3013 ||| FLEEEEING.
  3015 | D:5      | 3015 ||| FLEEEEING.
  3016 | D:5      | 3016 ||| FLEEEEING.
  3017 | D:5      | 3017 ||| FLEEEEING.
  3019 | D:5      | 3019 ||| FLEEEEING.
  3020 | D:5      | 3020 ||| FLEEEEING.
  3021 | D:5      | 3021 ||| FLEEEEING.
  3022 | D:5      | 3022 ||| FLEEEEING.
  3024 | D:5      | 3024 ||| FLEEEEING.
  3025 | D:5      | 3025 ||| FLEEEEING.
  3033 | D:5      | 3033 ||| FLEEEEING.
  3034 | D:5      | 3034 ||| FLEEEEING.
  3040 | D:5      | HP: 9/40 [orc/+0 flail (8)]
  3041 | D:5      | 3041 ||| READING scroll of teleportation.
  3041 | D:5      | HP: 1/40 [ice beast (7)]
  3042 | D:5      | 3042 ||| DRINKING potion of heal wounds.
  3221 | D:5      | Reached XP level 8. HP: 45/45 MP: 10/10
  3239 | D:5      | Reached skill level 3 in Fighting
  3712 | D:5      | HP: 8/46 [water moccasin (6)]
  3713 | D:5      | Slain by an ice beast

Levels and vault maps discovered:
D:1:      reono_arrival_forest_river, layout_basic
D:2:      layout_rooms
D:3:      layout_loops_ring, general_overflow_altar, ebering_ghost_rock_garden,
          small_statue_alley_b, serial_bayou_pond_b
D:4:      layout_basic, kennysheep_mini_moat, nicolae_the_louvre, uniq_grinder
D:5:      layout_layer_cave, gammafunk_temple_overflow_statue, st_stairs_5

Skill      XL: |  1  2  3  4  5  6  7  8 |
---------------+-------------------------+-----
Ranged Weapons | 6 7 8 9 10 12 | 12.2
Dodging        | 3 4 5 |  5.4
Fighting       | 2 3 |  3.3
Stealth        | |  1.2

Action                     |  1- 3 |  4- 6 |  7- 9 || total
---------------------------+-------+-------+-------++-------
   Fire: Shortbow          |   114 |   127 |   214 ||   455
    Use: Scroll            |     6 |     4 |     1 ||    11
         Potion            |     1 |       |     2 ||     3
 Armour: Leather armour    |     5 |     5 |    28 ||    38
         Ring mail         |       |     5 |       ||     5
  Dodge: Dodged            |    29 |    27 |    68 ||   124

Table legend:
 A = Non-vault XP
 B = Vault XP
 C = Vault XP percentage of total XP
 D = Non-vault monster count
 E = Vault monster count
 F = Vault count percentage of total count
                 A         B        C        D         E       F
            +---------+---------+-------+---------+---------+-------
      Total |    1588 |     285 |  15.2 |      97 |       2 |   2.0
            +---------+---------+-------+---------+---------+-------
        D:1 |      30 |       0 |   0.0 |      18 |       0 |   0.0
        D:2 |      44 |       0 |   0.0 |      16 |       0 |   0.0
        D:3 |      54 |      13 |  19.4 |      11 |       1 |   8.3
        D:4 |     626 |     272 |  30.3 |      19 |       1 |   5.0
        D:5 |     834 |       0 |   0.0 |      33 |       0 |   0.0
            +---------+---------+-------+---------+---------+-------
